[Event "January 2 Early 2024"]
[Site "https://www.chess.com"]
[Date "2024.01.02"]
[Round "9"]
[White "Bogumil, Tatiana"]
[Black "Von Buelow, Georg"]
[Result "0-1"]
[Board "169"]
[TimeControl "180+1"]
[WhiteFideId "4110579"]
[BlackFideId "4620658"]
[WhiteElo "2006"]
[BlackElo "2174"]
[WhiteTeam "RUS"]
[BlackTeam "GER"]
[WhiteClock "0:00:00"]
[BlackClock "0:00:12"]

1. Nf3 Nf6 2. c4 c5 3. b3 d5 4. Bb2 d4 5. b4 cxb4 6. Bxd4 Nc6 7. Bb2 Bg4 8. e3 e5 9. Be2 e4 10. Nd4 Ne5 11. Qa4+ Qd7 12. Qxd7+ Nfxd7 13. f4 Bxe2 14. fxe5 Bxc4 15. Nf5 Nc5 16. Bd4 Nd3+ 17. Kf1 Nxe5+ 18. Kg1 f6 19. Ng3 Nc6 20. Bb2 Bd3 21. a3 Kf7 22. Kf2 Bd6 23. axb4 Bxb4 24. Nc3 Bxc3 25. Bxc3 Ke6 26. h4 a5 27. Ne2 b5 28. Nd4+ Nxd4 29. Bxd4 Rhc8 30. Ra2 a4 31. Rha1 Rc4 32. h5 Kd5 33. g4 Rxd4 34. exd4 Kxd4 35. Rb2 Bc4 36. Rab1 Ra5 37. Rb4 a3 38. Ke1 Kc5 0-1

[Event "January 2 Early 2024"]
[Site "https://www.chess.com"]
[Date "2024.01.02"]
[Round "9"]
[White "Mikhailovsky, Vladimir"]
[Black "Floresvillar Gonzalez, Luis Migu"]
[Result "1-0"]
[Board "170"]
[TimeControl "180+1"]
[WhiteFideId "34105414"]
[BlackFideId "5100542"]
[WhiteElo "2836"]
[BlackElo "2172"]
[WhiteTeam "RUS"]
[BlackTeam "MEX"]
[WhiteClock "0:01:55"]
[BlackClock "0:00:00"]

1. e4 c6 2. c4 d5 3. cxd5 cxd5 4. exd5 Nf6 5. Qa4+ Nbd7 6. Nc3 g6 7. Nf3 Bg7 8. Bc4 O-O 9. d3 Nb6 10. Qb3 Bg4 11. Ne5 Bf5 12. O-O Nfxd5 13. Nxf7 Rxf7 14. Nxd5 Nxc4 15. dxc4 e6 16. Ne3 Qb6 17. Nxf5 Qxb3 18. Nh6+ Bxh6 19. axb3 Bg7 20. Rd1 a6 21. Rb1 Raf8 22. Be3 Be5 23. Rd2 Bf4 24. Re1 Bxe3 25. Rxe3 Re7 26. Rd6 Rfe8 27. f4 Kf7 28. Rb6 Rd8 29. Re2 Rd1+ 30. Kf2 Rd3 31. g3 h5 32. c5 Rd1 33. b4 Rh1 34. Ke3 Rb1 35. b5 axb5 36. Rxb5 e5 37. fxe5 Rxe5+ 38. Kf2 Rxe2+ 39. Kxe2 Rh1 40. Rxb7+ Ke6 41. h4 Rh2+ 42. Kd3 Kd5 43. b4 1-0

[Event "January 2 Early 2024"]
[Site "https://www.chess.com"]
[Date "2024.01.02"]
[Round "9"]
[White "Leiva, Gianmarco"]
[Black "Mende, Andreas"]
[Result "1-0"]
[Board "171"]
[TimeControl "180+1"]
[WhiteFideId "3804399"]
[BlackFideId "4631102"]
[WhiteElo "2703"]
[BlackElo "2144"]
[WhiteTeam "PER"]
[BlackTeam "GER"]
[WhiteClock "0:00:07"]
[BlackClock "0:00:00"]

1. d4 Nf6 2. Nf3 g6 3. Bg5 Bg7 4. c3 d5 5. Nbd2 O-O 6. Bh4 c5 7. e3 Nc6 8. dxc5 a5 9. Bb5 Nd7 10. e4 Nxc5 11. exd5 Qxd5 12. O-O e5 13. Nc4 Qe6 14. Qd6 Qxd6 15. Nxd6 Bg4 16. Nxb7 Bxf3 17. Nxc5 Na7 18. Ba4 Bc6 19. Rfd1 Bxa4 20. Nxa4 Rab8 21. f3 Rfe8 22. Rd5 Nc6 23. Rad1 e4 24. fxe4 Rxe4 25. Nc5 Rxh4 26. Nd3 Re4 27. Kf2 a4 28. Re1 Rxe1 29. Kxe1 h5 30. Kd1 Re8 31. a3 Ne5 32. Nxe5 Rxe5 33. Rd4 Ra5 34. Rb4 Bf8 35. Rc4 Ra8 36. Kc2 Kg7 37. Rc7 Rb8 38. Ra7 Re8 39. Kd3 Rb8 40. Kc2 Re8 41. Kd3 Re1 42. Rxa4 Rg1 43. Ra5 Rxg2 44. b4 Rxh2 45. Rd5 Rb2 46. a4 Bxb4 47. cxb4 Rxb4 48. a5 Ra4 49. Kc3 h4 50. Kb3 Ra1 51. Kb2 Ra4 52. Kb3 Re4 53. a6 Re7 54. Ra5 Ra7 55. Kb4 h3 56. Kb5 g5 57. Kb6 Rxa6+ 58. Kxa6 Kg6 59. Kb5 g4 60. Kc4 g3 61. Ra3 g2 62. Rg3+ Kf5 63. Kd3 Kf4 64. Rg7 1-0

[Event "January 2 Early 2024"]
[Site "https://www.chess.com"]
[Date "2024.01.02"]
[Round "9"]
[White "Mendez Fortes, Eduardo Jesus"]
[Black "Crocker, Philip J"]
[Result "1-0"]
[Board "172"]
[TimeControl "180+1"]
[WhiteFideId "3502376"]
[BlackFideId "403180"]
[WhiteElo "2567"]
[BlackElo "2065"]
[WhiteTeam "CUB"]
[BlackTeam "ENG"]
[WhiteClock "0:02:10"]
[BlackClock "0:00:16"]

1. e4 d6 2. d4 Nf6 3. Nc3 g6 4. f4 Bg7 5. Nf3 c5 6. Bb5+ Bd7 7. e5 Ng4 8. Bxd7+ Qxd7 9. d5 dxe5 10. h3 e4 11. hxg4 exf3 12. Qxf3 Na6 13. Bd2 O-O-O 14. O-O-O f5 15. gxf5 Qxf5 16. g4 Qf7 17. Kb1 Kb8 18. Qe4 Nc7 19. f5 Nxd5 20. Nxd5 Rxd5 21. Bf4+ Rd6 22. Bxd6+ exd6 23. Rxd6 gxf5 24. Qxf5 Qc4 25. Rd7 Qb4 26. Rxg7 Re8 27. Re7 1-0

[Event "January 2 Early 2024"]
[Site "https://www.chess.com"]
[Date "2024.01.02"]
[Round "9"]
[White "Smirnov, Timofey"]
[Black "Diaz Herquinio, Brahian"]
[Result "0-1"]
[Board "173"]
[TimeControl "180+1"]
[WhiteFideId "24176427"]
[BlackFideId "3809480"]
[WhiteElo "1981"]
[BlackElo "2399"]
[WhiteTeam "RUS"]
[BlackTeam "PER"]
[WhiteClock "0:00:00"]
[BlackClock "0:00:14"]

1. d4 d5 2. Bf4 e6 3. e3 Nf6 4. Nd2 c5 5. c3 Nc6 6. Ngf3 Bd6 7. Bg3 O-O 8. Bd3 b6 9. e4 Be7 10. e5 Nh5 11. O-O g6 12. a4 cxd4 13. cxd4 Nb4 14. Be2 Ba6 15. Rc1 Rc8 16. Bxa6 Nxa6 17. Rxc8 Qxc8 18. Bh4 Bxh4 19. Nxh4 Nb4 20. Qb3 a5 21. Nhf3 Nf4 22. g3 Nfd3 23. Qc3 Qd7 24. Nb3 Rc8 25. Qd2 Qxa4 26. Nc1 Qc2 27. Qh6 Nxc1 28. Ng5 Ne2+ 29. Kg2 Qf5 30. Qxh7+ Kf8 31. Qh8+ Ke7 32. Qxc8 Qxg5 33. Qc7+ Kf8 34. Qc8+ Kg7 35. h4 Qg4 36. Qd8 Qe4+ 37. f3 Qf5 38. Qf6+ Qxf6 39. exf6+ Kxf6 40. Re1 Nxd4 41. Rd1 Ndc2 42. Rc1 d4 43. b3 d3 44. Kf2 d2 45. Rd1 Nd4 46. Rxd2 Nxb3 47. Rb2 a4 48. Ke3 Ke5 0-1

[Event "January 2 Early 2024"]
[Site "https://www.chess.com"]
[Date "2024.01.02"]
[Round "9"]
[White "Murthy, Pappu"]
[Black "Pein, Jonathan"]
[Result "0-1"]
[Board "174"]
[TimeControl "180+1"]
[WhiteFideId "2013401"]
[BlackFideId "417092"]
[WhiteElo "1978"]
[BlackElo "2364"]
[WhiteTeam "USA"]
[BlackTeam "ENG"]
[WhiteClock "0:00:17"]
[BlackClock "0:00:39"]

1. e4 e5 2. Nf3 d6 3. Nc3 Nf6 4. d4 exd4 5. Nxd4 g6 6. Bf4 Bg7 7. Qd2 Nc6 8. Nb3 a5 9. a4 Be6 10. Bb5 h5 11. h3 O-O 12. Bh6 Re8 13. Bxg7 Kxg7 14. O-O-O Bxb3 15. cxb3 Nxe4 16. Nxe4 Rxe4 17. Bxc6 bxc6 18. Qc3+ Qf6 19. Qxc6 Re2 20. Qc3 Rxf2 21. Qxf6+ Kxf6 22. Rhf1 Rxf1 23. Rxf1+ Ke6 24. Kc2 Rb8 25. Kc3 Rb4 26. Re1+ Kd7 27. g3 f5 28. Re3 c6 29. Rd3 Ke6 30. Re3+ Re4 31. Rf3 d5 32. Kd3 Ke5 33. Kc3 c5 34. Kd3 g5 35. Kc3 h4 36. Kd3 hxg3 37. Rxg3 Kf4 38. Rg1 Re3+ 39. Kc2 Rxh3 40. Rd1 d4 41. Re1 Re3 42. Rf1+ Ke5 43. Rg1 g4 44. Rh1 g3 45. Rh8 Kf4 46. Rg8 Kf3 47. Rg5 f4 48. Rxc5 g2 49. Rg5 Kf2 0-1

[Event "January 2 Early 2024"]
[Site "https://www.chess.com"]
[Date "2024.01.02"]
[Round "9"]
[White "Marcziter, Dmitrii"]
[Black "Thake, Conrad"]
[Result "1-0"]
[Board "175"]
[TimeControl "180+1"]
[WhiteFideId "13900765"]
[BlackFideId "5602947"]
[WhiteElo "2360"]
[BlackElo "1885"]
[WhiteTeam "GER"]
[BlackTeam "MLT"]
[WhiteClock "0:01:30"]
[BlackClock "0:00:08"]

1. d4 Nf6 2. c4 c5 3. d5 d6 4. Nc3 g6 5. e4 Bg7 6. f4 O-O 7. Nf3 e6 8. Be2 exd5 9. cxd5 Re8 10. Qc2 b5 11. Bxb5 Bd7 12. Bxd7 Nbxd7 13. O-O Ng4 14. h3 Ngf6 15. Bd2 Qb6 16. Kh2 c4 17. Rae1 Rab8 18. Nd1 Qc7 19. Bc3 Nc5 20. Nf2 h6 21. Nd4 Nh5 22. Nc6 Rb6 23. Bxg7 Nxg7 24. Re2 f5 25. Qxc4 fxe4 26. Nxe4 Nxe4 27. Rxe4 Rf8 28. Re7 Qc8 29. Rxa7 Rxb2 30. Ne7+ 1-0

[Event "January 2 Early 2024"]
[Site "https://www.chess.com"]
[Date "2024.01.02"]
[Round "9"]
[White "Vargas, Mauricio"]
[Black "Todev, Simeon"]
[Result "0-1"]
[Board "176"]
[TimeControl "180+1"]
[WhiteFideId "4404572"]
[BlackFideId "2925133"]
[WhiteElo "1852"]
[BlackElo "2358"]
[WhiteTeam "COL"]
[BlackTeam "BUL"]
[WhiteClock "0:00:00"]
[BlackClock "0:00:18"]

1. e4 c5 2. Nc3 e6 3. f4 Nc6 4. Nf3 g6 5. Bb5 Nd4 6. Nxd4 cxd4 7. Ne2 Bg7 8. Bd3 Ne7 9. b3 O-O 10. Bb2 Nc6 11. O-O d5 12. e5 f6 13. Nxd4 fxe5 14. Nxc6 bxc6 15. Bxe5 Qb6+ 16. Kh1 Bxe5 17. fxe5 Bd7 18. Qg4 Kg7 19. h4 Qc7 20. Rae1 Rxf1+ 21. Bxf1 Rf8 22. Bd3 Qb6 23. h5 Qa5 24. hxg6 Qxd2 25. gxh7+ Kh8 26. Re2 Qc1+ 27. Kh2 Qh6+ 28. Qh3 Qf4+ 29. g3 Qf7 30. Qh4 c5 31. c4 Bc6 0-1

[Event "January 2 Early 2024"]
[Site "https://www.chess.com"]
[Date "2024.01.02"]
[Round "9"]
[White "Gulamirian, Korun"]
[Black "Gaboyan, Susanna"]
[Result "0-1"]
[Board "177"]
[TimeControl "180+1"]
[WhiteFideId "4144899"]
[BlackFideId "13303627"]
[WhiteElo "1572"]
[BlackElo "2326"]
[WhiteTeam "RUS"]
[BlackTeam "ARM"]
[WhiteClock "0:00:15"]
[BlackClock "0:00:07"]

1. e4 d6 2. d4 Nf6 3. Nc3 Nbd7 4. f4 g6 5. Nf3 Bg7 6. Bc4 O-O 7. O-O c5 8. e5 Ne8 9. dxc5 Nxc5 10. exd6 Nxd6 11. Bb3 Bf5 12. Be3 Nce4 13. Ne5 Nxc3 14. bxc3 Qc7 15. Qe1 Ne4 16. Bd4 Rac8 17. g4 Nd6 18. gxf5 Nxf5 19. Qe4 Nd6 20. Qd5 e6 21. Qf3 Nb5 22. a4 Nxc3 23. Bxc3 Qxc3 24. Qxb7 Rcd8 25. Rad1 Rxd1 26. Rxd1 Qe3+ 27. Kf1 Qxf4+ 28. Nf3 g5 29. Kg2 g4 30. Ng1 Be5 31. Rd3 Qxh2+ 32. Kf1 g3 33. Qg2 Qh4 34. Nf3 Qf4 35. Kg1 Bg7 36. Ne1 Bd4+ 37. Kh1 Qh6+ 38. Qh3 Qxh3# 0-1

[Event "January 2 Early 2024"]
[Site "https://www.chess.com"]
[Date "2024.01.02"]
[Round "9"]
[White "Arshiya Das"]
[Black "Babayeva, Nasrin"]
[Result "1-0"]
[Board "178"]
[TimeControl "180+1"]
[WhiteFideId "25652150"]
[BlackFideId "13416626"]
[WhiteElo "2244"]
[BlackElo "1796"]
[WhiteTeam "IND"]
[BlackTeam "AZE"]
[WhiteClock "0:02:18"]
[BlackClock "0:02:14"]

1. e4 d5 2. exd5 Qxd5 3. Nc3 Qa5 4. d4 Nf6 5. Nf3 Bf5 6. Bc4 e6 7. Bd2 c6 8. O-O Bb4 9. a3 Bxc3 10. Bxc3 Qc7 11. Bd3 Be4 12. Bxe4 Nxe4 13. Bb4 Nd7 14. Qe2 Ndf6 15. a4 O-O-O 16. a5 a6 17. c3 h5 18. Ne5 c5 19. Bxc5 Nxc5 20. dxc5 Qxc5 21. Nxf7 1-0

[Event "January 2 Early 2024"]
[Site "https://www.chess.com"]
[Date "2024.01.02"]
[Round "9"]
[White "Todorovic, Bojan"]
[Black "neri_gaite"]
[Result "1-0"]
[Board "179"]
[TimeControl "180+1"]
[WhiteFideId "917087"]
[WhiteElo "2369"]
[BlackElo "2010"]
[WhiteTeam "SRB"]
[WhiteClock "0:00:33"]
[BlackClock "0:00:13"]

1. Nf3 Nf6 2. g3 d5 3. Bg2 c6 4. O-O e6 5. b3 Be7 6. Bb2 O-O 7. c4 Nbd7 8. d3 b6 9. Nbd2 Bb7 10. e4 dxe4 11. dxe4 e5 12. Nh4 Rc8 13. Nf5 g6 14. Nxe7+ Qxe7 15. Qe2 Rfd8 16. f4 Re8 17. Bh3 Rcd8 18. Rae1 c5 19. Bg2 Nh5 20. f5 Nhf6 21. Nb1 Nb8 22. Nc3 Nc6 23. Nd5 Nxd5 24. exd5 Nd4 25. Bxd4 cxd4 26. f6 Qc5 27. Qe4 d3+ 28. Kh1 Qd4 29. Qxd4 exd4 30. Rd1 Re3 31. Rf3 Re2 32. Rfxd3 Rxa2 33. Rxd4 b5 34. c5 Rb2 35. b4 Re2 36. Bf3 Re5 37. c6 Bc8 38. d6 Rf5 39. Bg4 Rxf6 40. Bxc8 Rxc8 41. d7 Rfxc6 42. dxc8=Q+ Rxc8 43. Rd8+ Rxd8 44. Rxd8+ Kg7 45. Ra8 Kf6 46. Rxa7 Ke5 47. Rxf7 Kd4 48. Rxh7 Kc4 49. Rh4+ Kb3 50. Re4 g5 51. h4 gxh4 52. gxh4 Kc3 53. h5 Kd3 54. Rh4 Ke3 55. h6 Kf3 56. h7 Kg3 1-0

[Event "January 2 Early 2024"]
[Site "https://www.chess.com"]
[Date "2024.01.02"]
[Round "9"]
[White "Osiecki, Stanislaw"]
[Black "Petersson, Kjell"]
[Result "1-0"]
[Board "180"]
[TimeControl "180+1"]
[WhiteFideId "1102990"]
[BlackFideId "1705148"]
[WhiteElo "2097"]
[BlackElo "2135"]
[WhiteTeam "POL"]
[BlackTeam "SWE"]
[WhiteClock "0:00:44"]
[BlackClock "0:00:03"]

1. e4 c5 2. c3 d5 3. e5 Bf5 4. d4 e6 5. Bd3 Bxd3 6. Qxd3 Nc6 7. Ne2 cxd4 8. cxd4 Nge7 9. Nbc3 Qb6 10. O-O Nf5 11. Nxd5 Qd8 12. Ne3 Nfxd4 13. Nxd4 Qxd4 14. Qb5 Qxe5 15. Qxb7 Bd6 16. Qxa8+ Nb8 17. f4 Qd4 18. Rd1 Qxf4 19. g3 Qe5 20. Nc4 Qc5+ 21. Be3 Qxc4 22. Rxd6 O-O 23. Qxa7 Qb4 24. Qd4 Qa5 25. b4 Qc7 26. Rc1 Qe7 27. Rd1 e5 28. Qd5 h6 29. Rd8 Kh7 30. Rxf8 Qxf8 31. Qxe5 Nc6 32. Qe4+ g6 33. Qxc6 Qxb4 34. Qd7 Qc4 35. Rf1 Kg8 36. Qxf7+ 1-0

[Event "January 2 Early 2024"]
[Site "https://www.chess.com"]
[Date "2024.01.02"]
[Round "9"]
[White "Zepeda Berlanga, Jan Enrique"]
[Black "Viana, Valeria"]
[Result "1-0"]
[Board "181"]
[TimeControl "180+1"]
[WhiteFideId "5132355"]
[BlackFideId "8407100"]
[WhiteElo "1950"]
[BlackElo "2113"]
[WhiteTeam "MEX"]
[BlackTeam "HON"]
[WhiteClock "0:00:13"]
[BlackClock "0:00:04"]

1. e4 c6 2. Nc3 d5 3. exd5 cxd5 4. d4 Nc6 5. Nf3 Bg4 6. Be2 Nf6 7. O-O e6 8. h3 Bh5 9. Bg5 Be7 10. Re1 O-O 11. Na4 h6 12. Bh4 Ne4 13. Bxe7 Qxe7 14. c4 Qb4 15. a3 Qd6 16. b4 a6 17. Nc5 Nxc5 18. dxc5 Qd8 19. b5 axb5 20. cxb5 Ne7 21. Qb3 Qc7 22. Rec1 Bg6 23. a4 Rfd8 24. a5 Rxa5 25. b6 Rxa1 26. bxc7 Rxc1+ 27. Kh2 Rc8 28. Qb6 Rb1 29. Qd6 Nc6 30. Ne5 Bf5 31. Nxc6 bxc6 32. Qd8+ Rxd8 33. cxd8=Q+ Kh7 34. Qd6 Rc1 35. Qxc6 Kg6 36. Qd6 Rc2 37. Bf3 Kf6 38. Bxd5 Rd2 39. Qd8+ Ke5 40. Qc7+ Kf6 41. Bf3 Rxf2 42. c6 Be4 43. Qf4+ Bf5 44. Qd4+ Ke7 45. Qxf2 1-0

[Event "January 2 Early 2024"]
[Site "https://www.chess.com"]
[Date "2024.01.02"]
[Round "9"]
[White "Muzzi, Eduardo"]
[Black "Khegay, Yuliya"]
[Result "0-1"]
[Board "182"]
[TimeControl "180+1"]
[WhiteFideId "3001253"]
[BlackFideId "14205394"]
[WhiteElo "1915"]
[BlackElo "2106"]
[WhiteTeam "URU"]
[BlackTeam "UZB"]
[WhiteClock "0:00:41"]
[BlackClock "0:00:10"]

1. e4 c5 2. Nc3 Nc6 3. Bc4 Nf6 4. f4 g6 5. d3 Bg7 6. Nf3 e6 7. O-O d6 8. Qe1 O-O 9. f5 d5 10. Bb3 exf5 11. exd5 Nd4 12. Bg5 Qd6 13. Qh4 Nxb3 14. axb3 Nxd5 15. Nxd5 Qxd5 16. Bf6 b6 17. Ng5 h6 18. Bxg7 Kxg7 19. Nh3 Bb7 20. Rf2 Qd4 21. Nf4 g5 22. Nh5+ Kg6 23. Qxd4 cxd4 24. Ng3 f4 25. Ne2 Rfd8 26. Ra4 Bc6 27. Rxd4 a5 28. Rc4 Bb5 29. Rc7 Rac8 30. Rxc8 Rxc8 31. Nc3 Bc6 32. Re2 b5 33. Re7 b4 34. Ne4 Bxe4 35. Rxe4 Rxc2 36. Re5 Rxb2 37. Rxa5 Rxb3 38. Rc5 Rxd3 39. Rb5 b3 40. Kf2 g4 41. Ke2 Re3+ 42. Kd2 f5 43. Rb6+ Kg5 44. g3 Rf3 45. gxf4+ Kxf4 46. Rb4+ Kg5 47. Rb5 Rf2+ 48. Ke3 Rxh2 49. Kd4 Rh3 50. Kc4 Rf3 51. Rb8 h5 0-1

[Event "January 2 Early 2024"]
[Site "https://www.chess.com"]
[Date "2024.01.02"]
[Round "10"]
[White "Mamedyarov, Shakhriyar"]
[Black "Vachier-Lagrave, Maxime"]
[Result "1/2-1/2"]
[Board "1"]
[TimeControl "180+1"]
[WhiteFideId "13401319"]
[BlackFideId "623539"]
[WhiteElo "3093"]
[BlackElo "3201"]
[WhiteTeam "AZE"]
[BlackTeam "FRA"]
[WhiteClock "0:02:52"]
[BlackClock "0:02:50"]

1. d4 Nf6 2. c4 g6 3. Nc3 d5 4. cxd5 Nxd5 5. e4 Nxc3 6. bxc3 Bg7 7. Nf3 c5 8. Be3 Qa5 9. Nd2 Bd7 10. Nb3 Qxc3+ 11. Bd2 Qb2 12. Bc1 Qc3+ 13. Bd2 Qb2 14. Bc1 Qc3+ 15. Bd2 1/2-1/2

[Event "January 2 Early 2024"]
[Site "https://www.chess.com"]
[Date "2024.01.02"]
[Round "10"]
[White "Carlsen, Magnus"]
[Black "Duda, Jan-Krzysztof"]
[Result "1-0"]
[Board "2"]
[TimeControl "180+1"]
[WhiteFideId "1503014"]
[BlackFideId "1170546"]
[WhiteElo "3366"]
[BlackElo "3059"]
[WhiteTeam "NOR"]
[BlackTeam "POL"]
[WhiteClock "0:00:35"]
[BlackClock "0:00:00"]

1. b3 d5 2. Nf3 Nf6 3. Bb2 Bf5 4. Nh4 Bd7 5. e3 c5 6. c4 e6 7. Be2 Be7 8. O-O O-O 9. Nf3 Nc6 10. d4 cxd4 11. exd4 Rc8 12. Nbd2 dxc4 13. bxc4 Re8 14. Nb3 Bf8 15. Qd2 Ne7 16. Ne5 g6 17. Bf3 b6 18. Rfe1 Bg7 19. Rad1 b5 20. Nxd7 Nxd7 21. cxb5 Nb6 22. Na5 Nc4 23. Nxc4 Rxc4 24. Qd3 Rc8 25. a4 Qa5 26. Qb3 Red8 27. g3 Nd5 28. Rc1 Nb6 29. d5 Bxb2 30. Qxb2 exd5 31. Qf6 Qxa4 32. Rc7 Rf8 33. Rxc8 Rxc8 34. Re7 Rf8 35. h4 h5 36. Kg2 Qc2 37. g4 hxg4 38. Bxg4 d4 39. Be6 Qe4+ 40. Kg3 Qxe6 41. Rxe6 fxe6 42. Qxg6+ Kh8 43. Qh6+ Kg8 44. Qxe6+ Kg7 45. Qe5+ Rf6 46. Qxd4 Kf7 47. h5 Nc8 48. Kg4 Ne7 49. f4 Rb6 50. Qc4+ Kg7 51. Qc5 Ng8 52. Kg5 Nh6 53. Qe5+ Kf8 54. Qh8+ Ng8 55. h6 Rxh6 56. Qxh6+ Nxh6 57. Kxh6 Ke7 58. Kg7 Ke6 59. Kg6 1-0

[Event "January 2 Early 2024"]
[Site "https://www.chess.com"]
[Date "2024.01.02"]
[Round "10"]
[White "Svane, Frederik"]
[Black "Nakamura, Hikaru"]
[Result "1/2-1/2"]
[Board "3"]
[TimeControl "180+1"]
[WhiteFideId "12923044"]
[BlackFideId "2016192"]
[WhiteElo "3040"]
[BlackElo "3236"]
[WhiteTeam "GER"]
[BlackTeam "USA"]
[WhiteClock "0:00:03"]
[BlackClock "0:00:04"]

1. e4 b6 2. d4 Bb7 3. Bd3 e6 4. Nf3 d5 5. e5 c5 6. c3 Qd7 7. O-O Ba6 8. Bxa6 Nxa6 9. Be3 Ne7 10. Qd3 Qb7 11. Nbd2 Nc6 12. h4 Nc7 13. Rad1 Qa6 14. Qb1 h6 15. h5 Be7 16. Nh2 O-O-O 17. f4 f5 18. Ndf3 Rhg8 19. Kh1 g5 20. hxg6 Rxg6 21. g4 Rf8 22. Rg1 fxg4 23. Qxg6 gxf3 24. Qd3 Qxa2 25. Nxf3 Qxb2 26. Rb1 Qa2 27. dxc5 bxc5 28. Ra1 Qc4 29. Qxc4 dxc4 30. Rg6 Nd5 31. Bd2 Nxf4 32. Bxf4 Rxf4 33. Kg2 Kd7 34. Rd1+ Kc7 35. Rxe6 Re4 36. Rxh6 Re2+ 37. Kg3 Re3 38. Kf4 Rxc3 39. Rh7 Kb6 40. Rd7 Rxf3+ 41. Kxf3 Nxe5+ 42. Ke4 Nxd7 43. Rxe7 Kc6 44. Ke3 a5 45. Kd2 Nb6 46. Re6+ Kb5 47. Re8 Nd5 48. Rb8+ Ka4 49. Kc2 c3 50. Rd8 Nb6 51. Kxc3 Kb5 52. Rb8 Kc6 53. Rh8 a4 54. Rh6+ Kb5 55. Rh8 Nd5+ 56. Kb2 Nc7 57. Rb8+ Ka5 58. Rc8 Na6 59. Ka3 Kb5 60. Rh8 c4 61. Rh5+ Nc5 62. Rh8 c3 63. Rh4 Nd3 64. Rh5+ Nc5 65. Rh4 Nd3 66. Rh5+ Kc4 67. Rh4+ Kd5 68. Rh2 Kc4 69. Kxa4 Ne5 70. Rc2 Nf3 71. Rxc3+ Kxc3 1/2-1/2

[Event "January 2 Early 2024"]
[Site "https://www.chess.com"]
[Date "2024.01.02"]
[Round "10"]
[White "Movahed, Sina"]
[Black "Sadhwani, Raunak"]
[Result "0-1"]
[Board "4"]
[TimeControl "180+1"]
[WhiteFideId "42520835"]
[BlackFideId "35093487"]
[WhiteElo "3014"]
[BlackElo "3084"]
[WhiteTeam "IRI"]
[BlackTeam "IND"]
[WhiteClock "0:00:03"]
[BlackClock "0:00:08"]

1. Nf3 d5 2. c4 d4 3. b4 c5 4. e3 Nf6 5. b5 Qc7 6. g3 e5 7. d3 Be7 8. Bg2 O-O 9. O-O a6 10. b6 Qd6 11. exd4 cxd4 12. Ba3 Qd8 13. Re1 Bxa3 14. Nxa3 Nc6 15. c5 Nd7 16. Nc4 e4 17. Rxe4 Nxc5 18. Re1 Be6 19. Nfe5 Nxe5 20. Rxe5 Nd7 21. Rxe6 fxe6 22. Bxb7 Rb8 23. Be4 Nxb6 24. Qh5 h6 25. Qg6 Qf6 26. Qh7+ Kf7 27. Nxb6 Rxb6 28. Rc1 Ke7 29. f4 Rd6 30. Rc7+ Rd7 31. Rc6 Rb8 32. Kg2 Rd6 33. Rc7+ Rd7 34. Rc6 Rbd8 35. Rxa6 Rb8 36. a4 Rc7 37. f5 Rc2+ 38. Kh3 Qg5 39. Rxe6+ Kf7 40. Qg6+ Qxg6 41. Rxg6 Rbb2 42. Bd5+ Kf8 43. a5 Rxh2+ 44. Kg4 Rb5 45. Bc4 Rxa5 46. Rd6 Rf2 47. Be6 g6 48. fxg6 Rg5+ 49. Kh4 Rxg6 50. Rc6 Rh2+ 0-1

[Event "January 2 Early 2024"]
[Site "https://www.chess.com"]
[Date "2024.01.02"]
[Round "10"]
[White "Firouzja, Alireza"]
[Black "Drygalov, Sergey"]
[Result "1-0"]
[Board "5"]
[TimeControl "180+1"]
[WhiteFideId "12573981"]
[BlackFideId "24171743"]
[WhiteElo "3151"]
[BlackElo "2958"]
[WhiteTeam "FRA"]
[BlackTeam "RUS"]
[WhiteClock "0:00:51"]
[BlackClock "0:00:06"]

1. d4 d5 2. c4 c6 3. Nc3 Nf6 4. Nf3 e6 5. g3 Nbd7 6. Bg2 dxc4 7. O-O b5 8. e4 Bb7 9. e5 Nd5 10. Ng5 h6 11. Nxe6 fxe6 12. Qh5+ Ke7 13. Ne4 Qe8 14. Bg5+ hxg5 15. Qxh8 Kd8 16. Nxg5 Kc8 17. Bh3 Nc7 18. f4 g6 19. Qg8 c5 20. d5 Bxd5 21. Rad1 Kb7 22. Qh7 Be7 23. Nf7 Qg8 24. Nd6+ Bxd6 25. Qxg8 Rxg8 26. exd6 Ne8 27. Rxd5 exd5 28. Bxd7 Nf6 29. Bxb5 Kb6 30. Ba4 d4 31. d7 Ka5 32. Bc6 Kb6 33. Bf3 Rd8 34. Rc1 Kb5 35. g4 Rxd7 36. g5 Nd5 37. f5 gxf5 38. Bxd5 Rxd5 39. h4 f4 40. g6 Rd6 41. h5 Rd5 42. Kf2 Rg5 43. Rh1 c3 44. bxc3 dxc3 45. h6 c2 46. h7 Rh5 47. Rc1 Kb4 48. g7 Kc3 49. h8=Q Rd5 50. g8=Q+ Rd4 51. Qb3+ Kd2 52. Qxc2# 1-0

[Event "January 2 Early 2024"]
[Site "https://www.chess.com"]
[Date "2024.01.02"]
[Round "10"]
[White "Aronian, Levon"]
[Black "Bok, Benjamin"]
[Result "1-0"]
[Board "6"]
[TimeControl "180+1"]
[WhiteFideId "13300474"]
[BlackFideId "1017063"]
[WhiteElo "3106"]
[BlackElo "2959"]
[WhiteTeam "USA"]
[BlackTeam "NED"]
[WhiteClock "0:00:49"]
[BlackClock "0:00:00"]

1. e4 c5 2. Nf3 d6 3. c3 Nf6 4. Be2 g6 5. O-O Bg7 6. d3 O-O 7. Be3 Nc6 8. Nbd2 e5 9. h3 Re8 10. a3 b6 11. b4 a6 12. Re1 h6 13. Rb1 Qc7 14. Qc1 Bd7 15. bxc5 dxc5 16. a4 Rab8 17. Nc4 Be6 18. Ncxe5 Nxe5 19. Nxe5 Nxe4 20. dxe4 Bxe5 21. Bxa6 h5 22. f4 Bg7 23. Qc2 Bd7 24. Bb5 Bc6 25. e5 g5 26. Qf5 Bxb5 27. axb5 Qe7 28. Rbd1 Rbd8 29. Rxd8 Rxd8 30. c4 h4 31. Qxg5 Qxg5 32. fxg5 Rd3 33. Bf2 Rc3 34. Re4 Kh7 35. Bxh4 Kg6 36. Bf2 Kf5 37. e6 fxe6 38. Rg4 e5 39. Bg3 1-0

[Event "January 2 Early 2024"]
[Site "https://www.chess.com"]
[Date "2024.01.02"]
[Round "10"]
[White "Klimkowski, Jan"]
[Black "Paravyan, David"]
[Result "0-1"]
[Board "7"]
[TimeControl "180+1"]
[WhiteFideId "21856222"]
[BlackFideId "4194985"]
[WhiteElo "2941"]
[BlackElo "3097"]
[WhiteTeam "POL"]
[BlackTeam "FID"]
[WhiteClock "0:00:12"]
[BlackClock "0:00:33"]

1. Nf3 d5 2. d4 Nf6 3. c4 dxc4 4. e3 e6 5. Bxc4 c5 6. O-O Nc6 7. Nc3 a6 8. a4 Be7 9. Qe2 cxd4 10. Rd1 e5 11. exd4 exd4 12. Nxd4 Nxd4 13. Qe5 Qd6 14. Qxd6 Bxd6 15. Rxd4 Be5 16. Rd1 O-O 17. h3 Bf5 18. Be3 Rac8 19. Bd3 Bxd3 20. Rxd3 Rfd8 21. Rad1 Rxd3 22. Rxd3 h6 23. Bd2 Kf8 24. b3 Ke7 25. Kf1 Ke6 26. f4 Bb8 27. g4 g6 28. Ke2 h5 29. Re3+ Kd7 30. g5 Ng8 31. Nd5 Ba7 32. Rd3 Ke6 33. Ba5 Rc5 34. Bb6 Rxd5 35. Bxa7 Rxd3 36. Kxd3 Kd5 37. Bd4 Ne7 38. Bf6 Nf5 39. Bc3 Nd6 40. Be1 Ne4 41. Ke3 Nc5 42. f5 gxf5 43. Kf4 Nd3+ 44. Kxf5 Nxe1 45. Kf6 Nf3 46. Kf5 b5 47. axb5 axb5 48. Kf4 Nd4 49. b4 Ke6 50. Ke4 Nc6 0-1

[Event "January 2 Early 2024"]
[Site "https://www.chess.com"]
[Date "2024.01.02"]
[Round "10"]
[White "Fedoseev, Vladimir"]
[Black "Vasquez Schroeder, Rodrigo"]
[Result "1-0"]
[Board "8"]
[TimeControl "180+1"]
[WhiteFideId "24130737"]
[BlackFideId "3400042"]
[WhiteElo "3028"]
[BlackElo "2936"]
[WhiteTeam "SLO"]
[BlackTeam "CHI"]
[WhiteClock "0:01:18"]
[BlackClock "0:00:31"]

1. Nf3 Nf6 2. g3 g6 3. Bg2 Bg7 4. c4 O-O 5. d4 d6 6. Nc3 c5 7. d5 e6 8. O-O exd5 9. cxd5 Re8 10. Re1 h6 11. Nd2 a6 12. a4 Nbd7 13. Nc4 Ne5 14. Na3 Nh5 15. Bd2 f5 16. Qc2 Bd7 17. e4 Nf6 18. Bf4 Nf7 19. Nc4 fxe4 20. Nxd6 Nxd6 21. Bxd6 Bxa4 22. Rxa4 Qxd6 23. Nxe4 Nxe4 24. Raxe4 Rxe4 25. Rxe4 Qf6 26. Re2 Rc8 27. Bh3 Rc7 28. Re8+ Kh7 29. Re6 Qf7 30. Rxg6 Kh8 31. d6 Rc6 32. d7 1-0